 Dungeon Crawl Stone Soup version 0.18-a0-1311-g779ca93 (webtiles) character file.

9776 kae the Arsonist (level 11, -14/54 HPs)
             Began as a Deep Elf Fire Elementalist on Feb 13, 2016.
             Was an Elder of Vehumet.
             Demolished by Snorg (23 damage)
             ... on level 10 of the Dungeon.
             The game lasted 00:26:47 (10929 turns).

kae the Arsonist (Deep Elf Fire Elementalist)      Turns: 10929, Time: 00:26:47

Health: -14/54     AC: 11    Str:  6    XL:     11   Next: 27%
Magic:  9/27       EV: 12    Int: 23    God:    Vehumet [****..]
Gold:   315        SH:  0    Dex: 15    Spells: 7 memorised, 14 levels left

rFire  + + .     SeeInvis .     k - +3 dagger (venom)
rCold  + . .     Gourm    .     T - +3 salamander hide armour {+Rage rF++}
rNeg   . . .     Faith    .     (no shield)
rPois  .         Spirit   .     q - +2 hat
rElec  .         Dismiss  .     z - +0 cloak
rCorr  .         Reflect  .     (no gloves)
SustAt .         Harm     .     W - +1 pair of boots {Fly}
MR     ++...                    l - amulet of regeneration
Stlth  ++........               O - ring of protection from magic
                                p - ring of protection from cold

@: flying, very resistant to hostile enchantments, unstealthy
A: no striking features
a: Renounce Religion, Evoke Berserk Rage, Stop Flying


You were on level 10 of the Dungeon.
You worshipped Vehumet.
Vehumet was greatly pleased with you.
You were near starving.

You visited 1 branch of the dungeon, and saw 10 of its levels.

You collected 389 gold pieces.
You spent 74 gold pieces at shops.

Inventory:

Hand Weapons
 g - a +0 short sword of speed
 k - a +3 dagger of venom (weapon)
Armour
 q - a +2 hat (worn)
 z - a +0 cloak (worn)
 T - the +3 salamander hide armour (worn) {+Rage rF++}
   (You found it on level 8 of the Dungeon)

   It greatly protects you from fire.
   It lets you go berserk.
 W - a +1 pair of boots of flying (worn)
Rods
 U - a +2 rod of clouds (13/13)
   (You found it on level 8 of the Dungeon)
Jewellery
 l - an amulet of regeneration (around neck)
 p - a ring of protection from cold (left hand)
 s - a +4 ring of dexterity
 y - an uncursed amulet of rage
 K - an uncursed ring of protection from cold
 O - a ring of protection from magic (right hand)
Wands
 a - a wand of flame (23/48)
 j - a wand of random effects (32/48)
 n - a wand of lightning (12/15)
 r - a wand of slowing (16/48)
 w - a wand of disintegration (1/24)
 B - a wand of flame (26/48)
 E - a wand of polymorph (4/24)
 M - a wand of confusion (16/48)
 N - a wand of flame (32/48)
Scrolls
 d - 4 scrolls of fear
 e - a scroll of recharging
 h - 3 scrolls of teleportation
 D - a scroll of amnesia
 I - a scroll of fog
 J - 7 scrolls of remove curse
 L - 2 scrolls of identify
 P - 2 scrolls of enchant armour
 R - a scroll of enchant weapon
Potions
 f - a potion of curing
 i - a potion of brilliance
 m - 2 potions of haste
 o - 2 potions of agility
 u - a potion of might
 v - 2 potions of cancellation
 x - 2 potions of resistance
 A - 2 potions of ambrosia
 C - 2 potions of magic
 F - a potion of invisibility
 Q - 4 potions of flight
 S - a potion of mutation
Books
 b - a book of Flames

   Spells                             Type                      Level
   a - Flame Tongue                   Conjuration/Fire             1
   b - Throw Flame                    Conjuration/Fire             2
   c - Conjure Flame                  Conjuration/Fire             3
   d - Inner Flame                    Hexes/Fire                   3
   e - Sticky Flame                   Conjuration/Fire             4
   f - Fireball                       Conjuration/Fire             5
Comestibles
 c - 10 bread rations
 t - a slice of pizza
 G - 7 beef jerkies
 H - 5 meat rations


   Skills:
 - Level 2.4 Dodging
 - Level 2.4 Stealth
 + Level 10.6 Spellcasting
 * Level 12.1 Conjurations
 * Level 12.5 Fire Magic


You had 14 spell levels left.
You knew the following spells:

 Your Spells              Type           Power        Failure   Level  Hunger
a - Flame Tongue          Conj/Fire      #####        1%          1    None
b - Throw Flame           Conj/Fire      ######       1%          2    None
c - Conjure Flame         Conj/Fire      ######..     1%          3    None
d - Sticky Flame          Conj/Fire      ######..     1%          4    #......
e - Sandblast             Erth           ##....       2%          1    None
f - Shock                 Conj/Air       ####         1%          1    None
g - Fireball              Conj/Fire      ######....   1%          5    ####...


Dungeon Overview and Level Annotations

Branches:
Dungeon (10/15)            Temple (0/1) D:5             Orc (0/2) D:9
   Lair: D:8-11

Altars:
Ashenzari
Dithmenos
Elyvilon
Gozag
Nemelex Xobeh
Okawaru
Qazlal
Trog
Vehumet
Yredelemnul

Shops:
D:4 *

Annotations:
D:10 Snorg


Message History

Snorg is heavily wounded.
Snorg is covered in liquid flames!
Snorg burns!
Snorg is engulfed in roaring flames.
Snorg bites you. Snorg claws you but does no damage. Snorg claws you!
* * * LOW HITPOINT WARNING * * *
Snorg is engulfed in roaring flames.
Snorg bites you.
* * * LOW HITPOINT WARNING * * *
Snorg misses you. Snorg closely misses you.
Casting: Sticky Flame
Confirm with . or Enter, or press ? or * to list all spells.
Aiming: Flame Tongue
Press: ? - help, Shift-Dir - straight line, f/p - Snorg
Aim: Snorg (flame, severely wounded, berserk, fast, unusually strong, covered in liquid flames)
The flame tongue misses Snorg.
Snorg burns!
Snorg is engulfed in roaring flames.
Snorg barely misses you. Snorg claws you but does no damage. Snorg claws you.
* * * LOW HITPOINT WARNING * * *
Unknown command.
Snorg burns!
Snorg is engulfed in roaring flames.
Snorg bites you!!
You die...

#.#.##########
#.#......>...#
#.##########.#
#.# #.# #.#
#.# #.# #.#
#.# #.#
########@#
......§T.#
##########


You could see Snorg (berserk).

Vanquished Creatures
  Gastronok (D:8)
  A centaur warrior (D:8)
  Maurice (D:8)
  Psyche (D:8)
  A centaur skeleton (D:9)
  Prince Ribbit (D:8)
  Grum (D:8)
  3 wolves (D:8)
  A hippogriff (D:6)
  4 wargs (D:9)
  A hungry ghost (D:7)
  A water moccasin (D:6)
  Duvessa (D:4)
  3 orc warriors
  2 sky beasts
  2 ice beasts
  4 phantoms
  A necrophage (D:6)
  A wasp (D:8)
  5 ogres
  6 centaurs
  2 gnoll sergeants
  A wyvern zombie (D:6)
  7 giant frogs
  Dowan (D:4)
  3 scorpions
  5 wights
  7 killer bees
  7 crimson imps
  A quasit (D:5)
  3 hounds
  4 orc priests
  3 giant frog skeletons
  An iguana (D:6)
  Natasha (thrice) (D:2 D:3)
  12 orc wizards
  8 worker ants
  2 killer bee zombies
  2 hound skeletons
  Robin (D:4)
  2 worker ant zombies
  9 gnolls
  11 adders
  2 shadow imps
  An adder skeleton (D:8)
  5 worms
  3 giant geckos
  34 orcs
  2 ball pythons
  5 giant cockroaches
  16 goblins
  9 hobgoblins
  15 jackals
  5 kobolds
  2 quokkas (D:7)
  8 bats
  A giant gecko skeleton (D:8)
  2 giant newts
  A quokka zombie (D:8)
  8 rats
256 creatures vanquished.

Notes
Turn   | Place    | Note
--------------------------------------------------------------
     0 | D:1      | kae the Deep Elf Fire Elementalist began the quest for the Orb.
     0 | D:1      | Reached XP level 1. HP: 10/10 MP: 6/6
   118 | D:1      | Reached XP level 2. HP: 15/15 MP: 4/8
   465 | D:2      | Found a basalt altar of Yredelemnul.
   477 | D:2      | Reached XP level 3. HP: 19/19 MP: 1/9
   559 | D:2      | Reached skill level 4 in Fire Magic
  1002 | D:2      | Noticed Natasha
  1018 | D:2      | Killed Natasha
  1018 | D:2      | Reached XP level 4. HP: 21/24 MP: 6/11
  1393 | D:2      | Noticed Natasha
  1400 | D:2      | Killed Natasha
  1515 | D:3      | Reached XP level 5. HP: 12/28 MP: 9/13
  2430 | D:3      | Learned a level 2 spell: Throw Flame
  2434 | D:3      | Learned a level 3 spell: Conjure Flame
  2439 | D:3      | Noticed Natasha
  2460 | D:3      | Killed Natasha
  2938 | D:4      | Reached skill level 5 in Fire Magic
  2939 | D:4      | Noticed an ogre
  3003 | D:4      | Noticed an ogre
  3049 | D:4      | Noticed Robin
  3068 | D:4      | Killed Robin
  3249 | D:4      | Found a radiant altar of Vehumet.
  3293 | D:4      | Became a worshipper of Vehumet
  3450 | D:4      | Found a stormy altar of Qazlal.
  3469 | D:4      | Found a radiant altar of Vehumet.
  3603 | D:4      | Reached XP level 6. HP: 24/32 MP: 8/15
  3809 | D:4      | Found Liatut's Assorted Antiques.
  3817 | D:4      | Bought a murky dark potion for 18 gold pieces
  3817 | D:4      | Bought a purple potion for 18 gold pieces
  3817 | D:4      | Bought a silvery potion for 18 gold pieces
  3817 | D:4      | Bought a scroll labeled TIOLIEK EMAWKO for 20 gold pieces
  3916 | D:4      | Reached skill level 5 in Spellcasting
  3990 | D:4      | Noticed Dowan
  4007 | D:4      | Learned a level 4 spell: Sticky Flame
  4012 | D:4      | Killed Dowan
  4017 | D:4      | Noticed Duvessa
  4041 | D:4      | Killed Duvessa
  4041 | D:4      | Reached skill level 5 in Conjurations
  4041 | D:4      | Reached skill level 6 in Fire Magic
  4041 | D:4      | Reached XP level 7. HP: 9/36 MP: 5/17
  4286 | D:4      | Found a shadowy altar of Dithmenos.
  4417 | D:5      | Entered Level 5 of the Dungeon
  4670 | D:5      | Reached skill level 7 in Fire Magic
  4796 | D:5      | Found a staircase to the Ecumenical Temple.
  4805 | D:5      | Found a shattered altar of Ashenzari.
  4899 | D:5      | Reached XP level 8. HP: 37/41 MP: 8/19
  5232 | D:6      | Reached * piety under Vehumet
  5232 | D:6      | Offered knowledge of Sandblast by Vehumet.
  5279 | D:6      | Learned a level 1 spell: Sandblast
  5474 | D:6      | Found a bloodstained altar of Trog.
  5474 | D:6      | Found an iron altar of Okawaru.
  5481 | D:6      | Reached skill level 8 in Fire Magic
  5805 | D:6      | Reached XP level 9. HP: 42/45 MP: 10/22
  5857 | D:6      | Found a sparkling altar of Nemelex Xobeh.
  5876 | D:6      | Reached skill level 9 in Fire Magic
  6522 | D:7      | Found an opulent altar of Gozag.
  7108 | D:7      | Offered knowledge of Shock by Vehumet.
  7108 | D:7      | Reached skill level 10 in Fire Magic
  7139 | D:7      | Reached ** piety under Vehumet
  7142 | D:7      | Learned a level 1 spell: Shock
  7148 | D:7      | Learned a level 5 spell: Fireball
  7771 | D:8      | Reached skill level 10 in Conjurations
  7798 | D:8      | Reached XP level 10. HP: 30/50 MP: 9/24
  7820 | D:8      | Noticed Grum
  7829 | D:8      | Offered knowledge of Throw Frost by Vehumet.
  8016 | D:8      | Noticed Maurice
  8132 | D:8      | Noticed Psyche
  8409 | D:8      | Noticed Prince Ribbit
  8422 | D:8      | Killed Prince Ribbit
  8473 | D:8      | Noticed Gastronok
  8783 | D:8      | Killed Gastronok
  8783 | D:8      | Reached skill level 11 in Conjurations
  8873 | D:8      | Killed Psyche
  8873 | D:8      | Reached *** piety under Vehumet
  8888 | D:8      | Killed Maurice
  8888 | D:8      | Reached skill level 10 in Spellcasting
  9055 | D:8      | Killed Grum
  9215 | D:8      | Noticed a centaur warrior
  9230 | D:8      | Killed a centaur warrior
  9230 | D:8      | Reached skill level 12 in Fire Magic
  9230 | D:8      | Reached XP level 11. HP: 10/54 MP: 10/27
  9410 | D:8      | Offered knowledge of Dazzling Spray by Vehumet.
  9482 | D:8      | Found a white marble altar of Elyvilon.
 10256 | D:9      | Found a staircase to the Orcish Mines.
 10286 | D:9      | Reached **** piety under Vehumet
 10400 | D:9      | Offered knowledge of Olgreb's Toxic Radiance by Vehumet.
 10887 | D:10     | Entered Level 10 of the Dungeon
 10919 | D:10     | Noticed Snorg
 10929 | D:10     | Demolished by Snorg

Vault maps used:
D:1:      minmay_arrival_stone_box
D:2:      nicolae_overflow_hidden_temple, first_bread, uniq_natasha
D:4:      lemuel_coloured_pillars_altar, grunt_qazlal_clouds,
          vehumet_altar_wand_db, serial_shops, kennysheep_little_box,
          minivault_5, lemuel_statue_altar, uniq_duvessa, uniq_robin
D:5:      nicolae_ashenzari_panopticon, minmay_temple_entry_grid
D:6:      grunt_temple_overflow_bloody_war, nemelex_deck
D:7:      nicolae_gozag_cash_rules_everything_around_me
D:8:      kennysheep_windowed_halls, basic_altar, grunt_ogre_cave, uniq_grum,
          uniq_prince_ribbit1, uniq_gastronok, uniq_psyche, uniq_maurice
D:9:      minmay_orc_entry_guard_dogs
D:10:     dpeg_lair_monsters, serial_shops, shop, shop_statue, uniq_fannar,
          uniq_snorg

Action                   |  1- 3 |  4- 6 |  7- 9 | 10-12 || total
-------------------------+-------+-------+-------+-------++-------
Melee: Unarmed           |     2 |       |       |       ||     2
       Dagger            |    23 |    80 |   148 |   135 ||   386
       Short sword       |       |       |    10 |    63 ||    73
 Cast: Flame Tongue      |    41 |    66 |   197 |   211 ||   515
       Conjure Flame     |       |     3 |     4 |     8 ||    15
       Throw Flame       |       |     5 |    26 |    14 ||    45
       Sticky Flame      |       |     1 |    20 |    20 ||    41
       Sandblast         |       |       |     6 |       ||     6
       Fireball          |       |       |       |     3 ||     3
Evoke: Wand              |       |     2 |       |     1 ||     3
  Use: Scroll            |       |    16 |    10 |     1 ||    27
       Potion            |       |       |       |     3 ||     3
 Stab: Sleeping          |     5 |     2 |     3 |       ||    10
  Eat: Chunk             |       |    10 |    14 |     7 ||    31
       Royal jelly       |       |       |       |     1 ||     1
